 Dungeon Crawl Stone Soup version 0.28.0 (webtiles) character file.

Game seed: 6963715579794587935

60 bande the Skirmisher (level 3, 31/31 HPs)
             Began as a Palentonga Fighter on Feb 16, 2022.
             Quit the game on level 3 of the Dungeon.
             The game lasted 00:03:08 (1693 turns).

bande the Skirmisher (Palentonga Fighter)           Turns: 1693, Time: 00:03:09

Health: 31/31      AC:  6    Str: 19    XL:     3   Next: 80%
Magic:  3/3        EV:  7    Int:  8    God:
Gold:   98         SH:  4    Dex: 11    Spells: 2/2 levels left

rFire   . . .      SeeInvis +   a - +0 war axe
rCold   . . .      Faith    .   c - +0 buckler
rNeg    . . .      Spirit   .   b - +0 scale mail
rPois   .          Reflect  .   (no helmet)
rElec   .          Harm     .   (no cloak)
rCorr   .          Rampage  .   (no gloves)
Will    .....                   (no barding)
Stlth   ..........              (no amulet)
HPRegen 0.10/turn               (no ring)
MPRegen 0.08/turn               (no ring)

@: no status effects
A: large, rugged brown scales 3, see invisible, deformed body, roll 1, armoured
tail
a: Rolling Charge


You were on level 3 of the Dungeon.
You visited 1 branch of the dungeon, and saw 3 of its levels.

You collected 98 gold pieces.

Inventory:

Hand Weapons
 a - a +0 war axe (weapon)
Armour
 b - a +0 scale mail (worn)
 c - a +0 buckler (worn)
Jewellery
 j - a ring of poison resistance
Scrolls
 f - 4 scrolls of identify {unknown}
 g - a scroll of immolation {unknown}
 k - a scroll of fear {unknown}
Potions
 d - a potion of might
 e - a potion of lignification {unknown}
 h - a potion of brilliance {unknown}
 i - a potion of flight {unknown}
 l - a potion of invisibility {unknown}
 m - a potion of attraction {unknown}


   Skills:
 + Level 3.5 Fighting
 + Level 2.7 Axes
 + Level 2.8 Armour
 + Level 2.8 Shields


You had 2 spell levels left.
You didn't know any spells.
Your spell library was empty.

Dungeon Overview and Level Annotations

Branches:
Dungeon (3/15)

Altars:


Innate Abilities, Weirdness & Mutations

You are completely covered in rugged brown scales. (AC +3, +7% HP)
You have supernaturally acute eyesight. (SInv)
Armour fits poorly on your strangely shaped body.
You can roll at nearby foes to attack.
You have a long armoured tail.


Message History

You climb downwards.
There is a stone staircase leading up here.
An endoplasm comes into view.
The endoplasm quivers.
An endoplasm is nearby!
A goblin comes into view. It is wielding a +0 dagger.
The goblin shouts!
The endoplasm splashes around in the water.
You barely miss the endoplasm. You block the endoplasm's attack.
You slash the endoplasm!
You kill the endoplasm!
You slash the goblin!
You kill the goblin!
No target in view!
No target in view!
Things that are here:
a +0 dagger; a goblin corpse
Found a stone staircase leading down.
A hobgoblin comes into view.
The hobgoblin shouts!
You barely miss the hobgoblin. You tail-slap the hobgoblin.
You kill the hobgoblin!
No target in view!
No target in view!
No target in view!
No target in view!
No target in view!
No target in view!
You see here a +0 club.
Done exploring.
Done exploring.
Done exploring.
Done exploring.
You see here a +0 club.
There is a stone staircase leading down here.
You climb downwards.
There is a stone staircase leading up here.
Unknown command.
There are no items here.
Are you sure you want to abandon this character and quit the game? (Confirm with "yes".)

###########
.......@..#
#########......
#####


There were no monsters in sight!

Vanquished Creatures
  A gnoll (D:1)
  A worm (D:2)
  A dart slug (D:2)
  7 ball pythons
  3 endoplasms
  3 giant cockroaches
  4 goblins
  4 hobgoblins
  4 kobolds (D:2)
  3 quokkas (D:1)
  8 bats
  3 frilled lizards
  2 rats (D:1)
44 creatures vanquished.

Notes
Turn   | Place    | Note
-------+----------+-------------------------------------------
     0 | D:1      | bande the Palentonga Fighter began the quest for the Orb.
     0 | D:1      | Reached XP level 1. HP: 19/19 MP: 1/1
    98 | D:1      | Reached XP level 2. HP: 12/25 MP: 2/2
   629 | D:1      | Reached XP level 3. HP: 30/31 MP: 3/3
  1102 | D:2      | Found a faded altar of an unknown god.
  1693 | D:3      | Quit the game

Illustrated notes

Levels and vault maps discovered:
D:1:      nicolae_arrival_washed_ashore, layout_rooms, chequers_jeans,
          serial_bayou_lagoon_b
D:2:      layout_basic, basic_ecumenical_altar, minmay_strange_pillars,
          chequers_serial_rivers_micro_c, minmay_heptomino_o4
D:3:      wander_river, layout_loops_ring, serial_bayou_lagoon_a, st_stairs_4,
          uniq_robin

Action                   || total
-------------------------++-------
Melee: War axe           ||    98
       Tailslap          ||     3
Armor: Scale mail        ||    61
Dodge: Dodged            ||    34
Block: Buckler           ||    20
